 Dungeon Crawl Stone Soup version 0.25.0-26-g0c896c7088 (webtiles) character file.

Game seed: 1604669793868780880

175 lepoulpe303 the Poker (level 5, -3/40 HPs)
             Began as a Merfolk Skald on June 30, 2020.
             Slain by an ogre
             ... wielding a +0 giant club
              (30 damage)
             ... on level 4 of the Dungeon.
             The game lasted 00:09:06 (3909 turns).

lepoulpe303 the Poker (Merfolk Skald)               Turns: 3909, Time: 00:09:07

Health: -3/40      AC:  3    Str: 12    XL:     5   Next: 55%
Magic:  9/9        EV: 13    Int: 12    God:
Gold:   197        SH:  0    Dex: 14    Spells: 5/10 levels left

rFire    . . .     SeeInvis .   a - +0 spear
rCold    . . .     Gourm    .   (no shield)
rNeg     . . .     Faith    .   b - +0 leather armour
rPois    .         Spirit   .   (no helmet)
rElec    .         Reflect  .   h - scarf {+Inv}
rCorr    .         Harm     .   (no gloves)
MR       .....                  (no boots)
Stlth    +.........             (no amulet)
HPRegen  0.13/turn              (no ring)
MPRegen  0.11/turn              (no ring)

@: no status effects
A: change form in water, swift swim, stealthy swim
a: Evoke Invisibility


You were on level 4 of the Dungeon.
You were not hungry.

You visited 1 branch of the dungeon, and saw 4 of its levels.

You collected 197 gold pieces.

Inventory:

Hand Weapons
 a - a +0 spear (weapon)
Missiles
 u - 20 poisoned darts (quivered)
Armour
 b - a +0 leather armour (worn)
 h - a scarf of invisibility (worn)
Jewellery
 Q - a +6 ring of strength {unknown}
Scrolls
 f - 2 scrolls of enchant weapon {unknown}
 i - 4 scrolls of remove curse {unknown}
 k - a scroll of immolation {unknown}
 m - a scroll of fog {unknown}
 n - 2 scrolls of teleportation {unknown}
 o - a scroll of identify {unknown}
 r - a scroll of amnesia {unknown}
 s - a scroll of fear {unknown}
Potions
 c - a potion of berserk rage {unknown}
 d - a potion of lignification {unknown}
 g - 2 potions of haste {unknown}
 j - a potion of cancellation {unknown}
 p - 2 potions of mutation {unknown}
 q - a potion of curing
 t - a potion of heal wounds {unknown}
Comestibles
 e - 9 rations
 l - a chunk of flesh


   Skills:
 + Level 2.8 Fighting
 * Level 4.4 Polearms
 + Level 1.4 Armour
 + Level 3.3 Dodging
 * Level 3.0 Spellcasting
 * Level 4.3 Charms


You had 5 spell levels left.
You knew the following spells:

 Your Spells              Type           Power        Failure   Level  Hunger
a - Infusion              Chrm           ##..         5%          1    #......
s - Shroud of Golubria    Chrm/Tloc      #.....       19%         2    ###....
S - Song of Slaying       Chrm           ##......     8%          2    ###....

Your spell library contained the following spells:

 Spells                   Type           Power        Failure   Level  Hunger
 Ozocubu's Armour         Chrm/Ice       #.......     36%         3    ###....
 Spectral Weapon          Hex/Chrm       #.......     36%         3    ###....


Dungeon Overview and Level Annotations

Branches:
Dungeon (4/15)
 Temple: D:4-7

Altars:
Ashenzari
Cheibriados
Qazlal
Ru
Wu Jian


Message History

The ogre is poisoned.
The ogre barely misses you.
Your magical infusion is running out.
The ogre looks more healthy.
MP restored: 9 You are no longer magically infusing your attacks.
Throwing (i - inventory)
u - 23 poisoned darts (quivered)
Aim: an ogre, wielding a +0 giant club (lightly wounded)
You throw a poisoned dart.
The poisoned dart barely misses the ogre.
The ogre misses you.
Throwing (i - inventory)
u - 22 poisoned darts (quivered)
Aim: an ogre, wielding a +0 giant club (lightly wounded)
You throw a poisoned dart. The poisoned dart hits the ogre.
Throwing (i - inventory)
u - 21 poisoned darts (quivered)
Aim: an ogre, wielding a +0 giant club (lightly wounded)
You throw a poisoned dart. The poisoned dart hits the ogre.
The ogre is poisoned.
The ogre hits you with a +0 giant club!!
Ouch! That really hurt!
You die...

O. #.###....>.....<#...
.. #
####.....####...#.###.#
. ..
#...####...####.#.....#
. #.#
+.....##.#.####.#.###..
# #.#
#........##.....รท..
###.#
#####(##.########..
....# #..(.##.# #..
....# #.#####.##### #..
....# #@#####.!...# #..
....###
#O#.....###.......
....#<# #(#.##### .P...
....#.# #(..# .#
....#.# ##### ...O#.#
....#O### ###.#...#
....###.#


You could see an ogre (poisoned).

Levels and vault maps discovered:
D:1:      lemuel_arrival_muddy, layout_basic, hangedman_abyss_or_decor_stabs,
          minmay_pentomino_v2
D:2:      layout_basic, old_standard_altar, marbit_many_paths,
          chequers_serial_rivers_small_b
D:3:      kennysheep_the_goblin_king, layout_basic,
          gammafunk_temple_overflow_pools, ashenzari_altar_1, uniq_natasha
D:4:      layout_basic, lemuel_coloured_pillars_altar,
          minmay_temple_entry_trees, nemelex_spade_bored_becter

Notes
Turn   | Place    | Note
-------+----------+-------------------------------------------
     0 | D:1      | lepoulpe303 the Merfolk Skald began the quest for the Orb.
     0 | D:1      | Reached XP level 1. HP: 16/16 MP: 3/3
    34 | D:1      | Identified a +0 dagger of speed
   120 | D:1      | Identified a +0 short sword
   210 | D:1      | Reached XP level 2. HP: 22/22 MP: 5/5
   247 | D:1      | Identified a +0 club
   248 | D:1      | Identified a +0 club
   593 | D:2      | Reached skill level 3 in Dodging
   593 | D:2      | Reached XP level 3. HP: 19/28 MP: 6/6
   602 | D:2      | Identified a scarf of invisibility (You found it on level 2
                  | of the Dungeon)
   836 | D:2      | Reached skill level 1 in Armour
   836 | D:2      | Identified a +0 club
   985 | D:2      | Reached XP level 4. HP: 19/34 MP: 7/7
  1173 | D:2      | Found an ornate altar of the Wu Jian Council.
  1189 | D:2      | Identified a +0 club
  1305 | D:2      | Identified a +0 dagger
  1306 | D:2      | Identified a +2 vorpal mace
  1308 | D:2      | Identified a +0 club
  1310 | D:2      | Identified a +0 whip
  1415 | D:2      | Identified a +0 club
  1490 | D:2      | Found a sacrificial altar of Ru.
  1655 | D:2      | Identified a cursed -3 club
  1868 | D:3      | Noticed Natasha
  1887 | D:3      | Killed Natasha
  1887 | D:3      | Reached skill level 4 in Polearms
  1887 | D:3      | Reached skill level 4 in Charms
  2144 | D:3      | Identified a +0 club
  2144 | D:3      | Identified a +0 leather armour
  2144 | D:3      | Identified a +0 morningstar
  2159 | D:3      | Identified a +2 vorpal war axe
  2159 | D:3      | Identified a +0 ring mail
  2162 | D:3      | Learned a level 2 spell: Song of Slaying
  2452 | D:3      | Identified a +0 short sword
  2656 | D:3      | Identified a +0 dagger
  2656 | D:3      | Identified a +0 club
  2656 | D:3      | Identified a cursed -2 club
  2656 | D:3      | Identified a +0 dagger
  2656 | D:3      | Identified a +0 club
  2656 | D:3      | Noticed Natasha
  2746 | D:3      | Killed Natasha
  2746 | D:3      | Reached XP level 5. HP: 16/39 MP: 9/9
  3005 | D:3      | Identified a +0 ring mail
  3022 | D:3      | Noticed Natasha
  3046 | D:3      | HP: 3/40 [Natasha (9)]
  3048 | D:3      | Killed Natasha
  3048 | D:3      | Reached skill level 3 in Spellcasting
  3332 | D:3      | Learned a level 2 spell: Shroud of Golubria
  3468 | D:3      | Found a shattered altar of Ashenzari.
  3618 | D:3      | Found a snail-covered altar of Cheibriados.
  3619 | D:3      | Found a stormy altar of Qazlal.
  3774 | D:4      | Identified a cursed -2 giant club
  3774 | D:4      | Noticed an ogre
  3889 | D:4      | Identified a +0 giant club
  3889 | D:4      | Noticed an ogre
  3909 | D:4      | Slain by an ogre

Table legend:
 A = Turns spent in this place as a percentage of turns spent in the entire game.
 B = Non-inter-level travel turns spent in this place as a percentage of non-inter-level travel turns spent in the entire game.
 C = Inter-level travel turns spent in this place as a percentage of turns spent in this place.
 D = Turns resting spent in this place as a percentage of non-inter-level travel turns spent in this place.
 E = Turns spent auto-exploring this place as a percentage of non-inter-level travel turns spent in this place.
 F = Non-inter-level travel turns spent in this place divided by the number of levels of this place that you've seen.
                   A       B       C       D       E      F
               +-------+-------+-------+-------+-------+----------------------
         Total | 100.0 | 100.0 |   2.2 |  35.5 |  48.1 | 955.5
       Dungeon | 100.0 | 100.0 |   2.2 |  35.5 |  48.1 | 955.5
               +-------+-------+-------+-------+-------+----------------------

Table legend:
 A = Kills in this place as a percentage of kills in entire the game.
 B = Kills by you in this place as a percentage of kills by you in the entire game.
 C = Kills by friends in this place as a percentage of kills by friends in the entire game.
 D = Other kills in this place as a percentage of other kills in the entire game.
 E = Experience gained in this place as a percentage of experience gained in the entire game.
 F = Experience gained in this place divided by the number of levels of this place that you have seen.
                   A       B       C       D       E      F
               +-------+-------+-------+-------+-------+----------------------
         Total | 100.0 | 100.0 |   N/A |   N/A | 100.0 |  62.8
       Dungeon | 100.0 | 100.0 |   N/A |   N/A | 100.0 |  62.8
               +-------+-------+-------+-------+-------+----------------------

Skill      XL: |  1  2  3  4  5 |
---------------+----------------+-----
Dodging        | 3 |  3.3
Armour         | 1 |  1.4
Polearms       | 4 |  4.4
Charms         | 4 |  4.3
Spellcasting   | 3 |  3.0
Fighting       | |  2.8

Action                   |  1- 3 |  4- 6 || total
-------------------------+-------+-------++-------
Melee: Spear             |    97 |   154 ||   251
Throw: Dart              |       |    19 ||    19
 Cast: Infusion          |       |     4 ||     4
 Stab: Sleeping          |     4 |     2 ||     6
  Eat: Chunk             |       |    10 ||    10
Armor: Leather armour    |    21 |    13 ||    34
Dodge: Dodged            |    59 |    71 ||   130

Vanquished Creatures
  Natasha (thrice) (D:3)
  A hound skeleton (D:2)
  2 adders (D:2)
  A dart slug (D:1)
  2 leopard geckos
  4 orcs (D:3)
  4 giant cockroaches
  9 goblins
  10 hobgoblins
  4 jackals (D:2)
  4 quokkas
  2 bats (D:2)
  5 frilled lizards
  6 kobolds
  4 rats
61 creatures vanquished.
